 Dungeon Crawl Stone Soup version 0.21-a0-414-gba8bdf1 (webtiles) character file.

53 BigZZ40 the Poker (level 3, -5/30 HPs)
             Began as a Merfolk Fighter on Nov 2, 2017.
             Slain by a gnoll
             ... wielding a +0 halberd
              (11 damage)
             ... on level 2 of the Dungeon.
             The game lasted 00:08:25 (1543 turns).

BigZZ40 the Poker (Merfolk Fighter)                 Turns: 1543, Time: 00:08:26

Health: -5/30      AC:  6    Str: 16    XL:     3   Next: 89%
Magic:  3/3        EV:  6    Int:  7    God:
Gold:   112        SH:  9    Dex: 14    Spells: 2/2 levels left

rFire    . . .     SeeInvis .   a - +0 trident
rCold    . . .     Gourm    .   c - +0 shield
rNeg     . . .     Faith    .   b - +0 scale mail
rPois    .         Spirit   .   (no helmet)
rElec    .         Reflect  .   (no cloak)
rCorr    .         Harm     .   (no gloves)
MR       .....                  (no boots)
Stlth    ..........             (no amulet)
HPRegen  0.10/turn              (no ring)
MPRegen  0.08/turn              (no ring)

@: no status effects
A: change form in water, swift swim, stealthy swim
a: no special abilities


You were on level 2 of the Dungeon.
You were not hungry.

You visited 1 branch of the dungeon, and saw 2 of its levels.

You collected 112 gold pieces.

Inventory:

Hand Weapons
 a - a +0 trident (weapon)
Missiles
 e - 19 stones (quivered)
Armour
 b - a +0 scale mail (worn)
 c - a +0 shield (worn)
Scrolls
 i - 2 scrolls of blinking {unknown}
 j - a scroll of identify {unknown}
 k - a scroll of enchant armour {unknown}
 m - 3 scrolls of teleportation {unknown}
 q - a scroll of magic mapping {unknown}
Potions
 d - 2 potions of might
 g - 2 potions of brilliance {unknown}
 l - a potion of curing {unknown}
 n - a potion of resistance {unknown}
 o - 3 potions of heal wounds {unknown}
Comestibles
 f - 2 bread rations
 h - 2 chunks of flesh
 p - a meat ration


   Skills:
 + Level 4.2 Fighting
 + Level 4.4 Polearms
 - Level 2.2 Armour
 - Level 3.2 Shields


You had 2 spell levels left.
You didn't know any spells.

Dungeon Overview and Level Annotations

Branches:
Dungeon (2/15)

Altars:
Cheibriados
Gozag


Message History

* * * LOW HITPOINT WARNING * * *
The gnoll hits you but does no damage.
You hit the gnoll.
The gnoll is moderately wounded.
The gnoll hits you from afar with a halberd.
* * * LOW HITPOINT WARNING * * *
You block the gnoll's attack. x2
Okay, then.
You block the gnoll's attack. The gnoll closely misses you.
You open the door.
There is an open door here.
Unknown command.
You close the door.
A gnoll opens the door.
You close the door.
A gnoll opens the door.
You close the door.
A gnoll opens the door.
You see here a dagger.
The rat bites you but does no damage.
The gnoll hits you from afar with a halberd!
You die...

#...........######
#................#
#................#
#................##
...#...###.........#.
..#.#g#...........#.
#.#...#g#.........#.
#.#..##.#######.....
#.#@r##)# #...##
#.#..g..##### #...##
#.#.##.....g# #...##
#.#.#..####g# ######
##......####'########
##........##.gg..gg.g.
#............(.......#
#..####.####..........#
#..##.....##..........#


You could see 2 gnolls and a rat.

Vanquished Creatures
  An adder (D:2)
  2 worms (D:2)
  2 dart slugs (D:2)
  A ball python (D:1)
  4 goblins
  2 hobgoblins
  6 kobolds
  2 quokkas (D:2)
  11 bats
  4 rats
35 creatures vanquished.

Notes
Turn   | Place    | Note
-------+----------+-------------------------------------------
     0 | D:1      | BigZZ40 the Merfolk Fighter began the quest for the Orb.
     0 | D:1      | Reached XP level 1. HP: 18/18 MP: 1/1
   186 | D:1      | Reached XP level 2. HP: 23/24 MP: 2/2
   853 | D:2      | Reached XP level 3. HP: 30/30 MP: 3/3
   879 | D:2      | Found an opulent altar of Gozag.
  1423 | D:2      | Found a snail-covered altar of Cheibriados.
  1543 | D:2      | Slain by a gnoll

Vault maps used:
D:1:      noname_arrival_rooms_in_the_neighbourhood
D:2:      old_standard_altar, old_standard_altar,
          nemelex_xobeh_ov_fountains_minmay, first_bread

Skill      XL: |  1  2  3 |
---------------+----------+-----
Polearms       | 4 |  4.4
Fighting       | 4 |  4.2
Armour         | |  2.2
Shields        | |  3.2

Action                   || total
-------------------------++-------
Melee: Trident           ||   120
Throw: Stone             ||   108
  Eat: Chunk             ||     2
Armor: Scale mail        ||    70
Dodge: Dodged            ||    40
Block: Shield            ||    94

Table legend:
 A = Spawn XP
 B = Non-spawn XP
 C = Spawn XP percentage of total XP
 D = Spawn monster count
 E = Non-spawn monster count
 F = Spawn count percentage of total count
 G = Total turns spent on level
                    A         B        C        D         E        F      G
               +---------+---------+-------+---------+---------+-------+---------
         Total |       0 |      77 |   0.0 |       0 |      35 |   0.0 |  1543
               +---------+---------+-------+---------+---------+-------+---------
           D:1 |       0 |      24 |   0.0 |       0 |      15 |   0.0 |   785
           D:2 |       0 |      53 |   0.0 |       0 |      20 |   0.0 |   758
               +---------+---------+-------+---------+---------+-------+---------
